 Dungeon Crawl Stone Soup version 0.21-a0-260-g9b2435e (webtiles) character file.

7 tidbits the Insei (level 1, 8/15 HPs)
             Began as a Demigod Transmuter on Sept 7, 2017.
             Quit the game on level 2 of the Dungeon.
             The game lasted 00:02:34 (319 turns).

tidbits the Insei (Demigod Transmuter)               Turns: 319, Time: 00:02:35

Health: 8/15       AC:  3    Str: 13    XL:     1   Next: 66%
Magic:  5/5        EV: 12    Int: 14    God:
Gold:   44         SH:  0    Dex: 16    Spells: 3/4 levels left

rFire    . . .     SeeInvis .     - Unarmed
rCold    . . .     Gourm    .   (no shield)
rNeg     . . .     Faith    .   b - +0 robe
rPois    +         Spirit   .   (no helmet)
rElec    .         Reflect  .   (no cloak)
rCorr    .         Harm     .   (no gloves)
MR       .....                  F - +0 pair of boots
Stlth    +.........             f - amulet of magic regeneration
HPRegen  0.05/turn              j - -3 ring of intelligence (curse)
MPRegen  0.34/turn              k - ring of poison resistance

@: appendage (expiring)
A: horns 2, high mp 1
a: End Transformation


You were on level 2 of the Dungeon.
You were not hungry.
You had grown temporary horns.
You visited 1 branch of the dungeon, and saw 2 of its levels.

You collected 44 gold pieces.

Inventory:

Missiles
 a - 12 arrows
Armour
 b - a +0 robe (worn)
 F - a +0 pair of boots (worn)
Jewellery
 f - an amulet of magic regeneration (around neck)
   (You found it on level 1 of the Dungeon)
 j - a cursed -3 ring of intelligence (left hand)
   (You found it on level 2 of the Dungeon)
 k - a ring of poison resistance (right hand)
   (You found it on level 2 of the Dungeon)
Potions
 e - a potion of flight
 g - 2 potions of curing
Books
 c - a book of Changes

   Spells                             Type                      Level
   a - Beastly Appendage              Transmutation                1
   b - Sticks to Snakes               Transmutation                2
   c - Spider Form                    Transmutation/Poison         3
   d - Ice Form                       Ice/Transmutation            4
   e - Blade Hands                    Transmutation                5
 l - a book of Cantrips
   (You found it on level 2 of the Dungeon)

   Spells                             Type                      Level
   a - Confusing Touch                Hexes                        1
   b - Animate Skeleton               Necromancy                   1
   c - Summon Small Mammal            Summoning                    1
   d - Apportation                    Translocation                1
Comestibles
 d - 2 bread rations


   Skills:
 - Level 0.8 Fighting
 - Level 1.7 Dodging
 * Level 2.9 Unarmed Combat
 - Level 2.0 Spellcasting
 + Level 1.8 Transmutations


You had 3 spell levels left.
You knew the following spells:

 Your Spells              Type           Power        Failure   Level  Hunger
e - Beastly Appendage     Tmut           #.....       11%         1    ##.....


Dungeon Overview and Level Annotations

Branches:
Dungeon (2/15)


Innate Abilities, Weirdness & Mutations

You have an increased reservoir of magic. (+10% MP)
You have a pair of horns on your head.


Message History

d - 2 bread rations (gained 1) HP restored.
A goblin comes into view.
The goblin shouts!
Found a sedimented sapphire potion.
Casting: Beastly Appendage
Confirm with . or Enter, or press ? or * to list all spells.
You grow a pair of large bovine horns.
You hit the goblin.
The goblin is severely wounded.
The goblin misses you.
You hit the goblin.
You kill the goblin!
Your transformation is almost over.
g - 2 sedimented sapphire potions (gained 1)
Found a scroll labeled BECIMAOTILO.
Your horns disappear.
i - a scroll labeled BECIMAOTILO
Found an escape hatch in the floor.
There is an escape hatch in the floor here.
Found a pair of boots.
Found a scroll labeled QYIFOTS WOESUILY.
You see here a pair of boots.
j - a pair of boots Wear which item? (? for menu, Esc to quit)
You start putting on your armour.
You continue putting on your pair of boots. x4
You finish putting on your +0 pair of boots.
Adjust (i)tems, (s)pells, or (a)bilities?
Adjust which item? (? for menu, Esc to quit)
j - a +0 pair of boots (worn)
Adjust to which letter? (? for menu, Esc to quit)
F - a +0 pair of boots (worn)
h - 2 scrolls labeled QYIFOTS WOESUILY (gained 1)
There is an escape hatch in the floor here.
Unknown command.
You slide downwards.
The hatch slams shut behind you.
A kobold comes into view. It is wielding a short sword.
Found a bronze ring and a knobbly emerald ring.
Found 29 bolts.
Found a stone staircase leading down.
Casting: Beastly Appendage
Confirm with . or Enter, or press ? or * to list all spells.
You grow a pair of large bovine horns.
Your transformation is almost over.
The kobold shouts!
The kobold hits you with a short sword.
You barely miss the kobold. You headbutt the kobold.
You kill the kobold!
j - a bronze ring Put on which piece of jewellery? (? for menu, Esc to quit)
You feel stupid.
Oops, that ring feels deathly cold.
j - a cursed -3 ring of intelligence (left hand)
Found a papyrus book.
k - a knobbly emerald ring A worm comes into view.
Your horns disappear.
l - a book of Cantrips Put on which piece of jewellery? (? for menu, Esc to quit)
k - a ring of poison resistance (right hand)
As you read the scroll labeled QYIFOTS WOESUILY, it crumbles to dust.
It is a scroll of identify.
g - 2 potions of curing
As you read the scroll of identify, it crumbles to dust.
e - a potion of flight
As you read the scroll labeled BECIMAOTILO, it crumbles to dust.
You feel strangely unstable.
It was a scroll of teleportation.
Your surroundings suddenly seem different.
A gnoll comes into view. It is wielding a flail.
The gnoll shouts!
A frilled lizard comes into view.
The frilled lizard hisses angrily.
The gnoll moves out of view.
A frilled lizard, a bat and a gnoll come into view.
The bat moves out of view.
The frilled lizard closely misses you.
Casting: Beastly Appendage
Confirm with . or Enter, or press ? or * to list all spells.
You grow a pair of large bovine horns.
The frilled lizard barely misses you. The bat misses you.
You miss the frilled lizard. The bat hits you.
The frilled lizard barely misses you.
You hit the bat.
You kill the bat!
The frilled lizard closely misses you.
You hit the frilled lizard.
You kill the frilled lizard!
Your transformation is almost over.
You aren't carrying any items that you can evoke.
Unknown command.
Okay, then.
A gnoll comes into view. It is wielding a spear.
The gnoll shouts!
A gnoll comes into view. It is wielding a whip.
The frilled lizard hisses angrily.
The gnoll shouts!
The gnoll hits you with a flail.
Okay, then.
Okay, then.
Okay, then.
Are you sure you want to abandon this character and quit the game? (Confirm with "yes".)

############
#.@.#......#
###g#......#
#.#......#
#.....†.†#
####.#####
#.# .g.
...g. ....g.


You could see a gnoll.

Vanquished Creatures
  4 kobolds
  2 bats
  A frilled lizard (D:2)
  A goblin (D:1)
  A rat (D:1)
9 creatures vanquished.

Notes
Turn   | Place    | Note
-------+----------+-------------------------------------------
     0 | D:1      | tidbits the Demigod Transmuter began the quest for the Orb.
     0 | D:1      | Reached XP level 1. HP: 15/15 MP: 5/5
    68 | D:1      | Reached skill level 2 in Spellcasting
   319 | D:2      | Quit the game

Vault maps used:
D:1:      dpeg_arrival_simpleton_c, minmay_split_cup_small
D:2:      uniq_robin

Skill      XL: |  1 |
---------------+----+-----
Spellcasting   | 2 |  2.0
Fighting       | |  0.8
Dodging        | |  1.7
Unarmed Combat | |  2.9
Transmutations | |  1.8

Action                   || total
-------------------------++-------
Melee: Unarmed           ||    19
       Kick              ||     5
       Headbutt          ||     1
 Cast: Beastly Appendage ||     9
  Use: Scroll            ||     3
 Stab: Sleeping          ||     1
Armor: Robe              ||     3
Dodge: Dodged            ||    16

Table legend:
 A = Spawn XP
 B = Non-spawn XP
 C = Spawn XP percentage of total XP
 D = Spawn monster count
 E = Non-spawn monster count
 F = Spawn count percentage of total count
 G = Total turns spent on level
                    A         B        C        D         E        F      G
               +---------+---------+-------+---------+---------+-------+---------
         Total |       0 |      10 |   0.0 |       0 |       9 |   0.0 |   319
               +---------+---------+-------+---------+---------+-------+---------
           D:1 |       0 |       7 |   0.0 |       0 |       6 |   0.0 |   278
           D:2 |       0 |       3 |   0.0 |       0 |       3 |   0.0 |    41
               +---------+---------+-------+---------+---------+-------+---------

Table legend:
 A = Turns spent in this place as a percentage of turns spent in the entire game.
 B = Non-inter-level travel turns spent in this place as a percentage of non-inter-level travel turns spent in the entire game.
 C = Inter-level travel turns spent in this place as a percentage of turns spent in this place.
 D = Turns resting spent in this place as a percentage of non-inter-level travel turns spent in this place.
 E = Turns spent auto-exploring this place as a percentage of non-inter-level travel turns spent in this place.
 F = Non-inter-level travel turns spent in this place divided by the number of levels of this place that you've seen.
                   A       B       C       D       E      F
               +-------+-------+-------+-------+-------+----------------------
         Total | 100.0 | 100.0 |   4.4 |   0.0 |   0.0 | 152.5
       Dungeon | 100.0 | 100.0 |   4.4 |   0.0 |   0.0 | 152.5
               +-------+-------+-------+-------+-------+----------------------

Table legend:
 A = Kills in this place as a percentage of kills in entire the game.
 B = Kills by you in this place as a percentage of kills by you in the entire game.
 C = Kills by friends in this place as a percentage of kills by friends in the entire game.
 D = Other kills in this place as a percentage of other kills in the entire game.
 E = Experience gained in this place as a percentage of experience gained in the entire game.
 F = Experience gained in this place divided by the number of levels of this place that you have seen.
                   A       B       C       D       E      F
               +-------+-------+-------+-------+-------+----------------------
         Total | 100.0 | 100.0 |   N/A |   N/A | 100.0 |   5.0
       Dungeon | 100.0 | 100.0 |   N/A |   N/A | 100.0 |   5.0
               +-------+-------+-------+-------+-------+----------------------

Vault maps used:
D:1:      dpeg_arrival_simpleton_c, minmay_split_cup_small
D:2:      uniq_robin
